[Event "Titled Tuesday Blitz January 31 Early 2023"]
[White "Wagh Suyog"]
[Black "Belov, Alexei"]
[WhiteFideId "25071688"]
[BlackFideId "4128206"]
[WhiteElo "2313"]
[BlackElo "2421"]
[Result "1-0"]
[Round "04"]
[TimeControl "180+2"]
[Date "2023.01.31"]
[WhiteClock "0:01:00"]
[BlackClock "0:00:32"]

1. e4 e6 2. d4 d5 3. Bd3 dxe4 4. Bxe4 Nf6 5. Bf3 c5 6. Ne2 Nc6 7. Be3 cxd4 8. Nxd4 Ne5 9. Nc3 Bb4 10. Nb5 O-O 11. a3 Ba5 12. Qxd8 Rxd8 13. b4 Nxf3+ 14. gxf3 Bb6 15. Ke2 Bd7 16. Nd6 Bc6 17. Rad1 Nd5 18. Nxd5 Bxd5 19. Rxd5 exd5 20. Nxb7 Rdc8 21. Nc5 Re8 22. Kd3 a5 23. b5 Rac8 24. Nb3 Bxe3 25. fxe3 a4 26. Nd4 g6 27. Rb1 Rc4 28. b6 Rb8 29. Rb5 Kg7 30. e4 Rcc8 31. exd5 Rb7 32. c4 Rd8 33. Nc6 Re8 34. c5 Re1 35. Na5 Rb8 36. c6 Rd1+ 37. Kc2 Rd4 38. b7 1-0


[Site "https://www.chess.com"]

[Event "Titled Tuesday Blitz January 31 Early 2023"]
[White "Gressmann, Moritz"]
[Black "Nazari, Arad"]
[WhiteFideId "24695084"]
[BlackFideId "12577324"]
[WhiteElo "2129"]
[BlackElo "2367"]
[Result "0-1"]
[Round "04"]
[TimeControl "180+2"]
[Date "2023.01.31"]
[WhiteClock "0:00:02"]
[BlackClock "0:00:31"]

1. e4 c5 2. Nf3 d6 3. Bb5+ Nd7 4. O-O a6 5. Bxd7+ Bxd7 6. d4 cxd4 7. Qxd4 Nf6 8. c4 e5 9. Qd3 b5 10. Nc3 bxc4 11. Qxc4 h6 12. Rd1 Be7 13. Be3 O-O 14. h3 Be6 15. Qd3 Qa5 16. a3 Rfc8 17. b4 Qc7 18. Na4 Bc4 19. Qc2 Bb5 20. Qxc7 Rxc7 21. Nb6 Rb8 22. Nd5 Nxd5 23. Rxd5 Rc2 24. Rd2 Rbc8 25. a4 Rc1+ 26. Rxc1 Rxc1+ 27. Kh2 Bc6 28. b5 axb5 29. axb5 Bxe4 30. Rxd6 Bxd6 31. Bxc1 Bd3 32. g3 Bxb5 33. Bb2 f6 34. Nh4 Bc6 35. Ng2 Kf7 36. Ne3 Ke6 37. Kg1 Bc5 38. Bc1 h5 39. g4 h4 40. Ng2 Bxg2 41. Kxg2 Kd5 42. Kf3 g6 43. Bh6 Be7 44. Bc1 f5 45. gxf5 gxf5 46. Bd2 Ke6 47. Bh6 Kf7 48. Bc1 Kg6 49. Bb2 e4+ 50. Kg2 Bf6 51. Bc1 Bd4 52. Bf4 Bf6 53. Bc7 Bg5 54. Bb6 f4 55. Ba7 Kf5 56. Bb6 f3+ 57. Kf1 Ke5 58. Bc7+ Kd5 59. Bb6 Kc4 60. Bc7 Kd3 61. Bb6 Bf4 62. Bd8 Bg3 63. fxg3 hxg3 64. Bh4 g2+ 65. Kf2 e3+ 66. Kg1 Ke2 67. Bg3 f2+ 0-1


[Site "https://www.chess.com"]

[Event "Titled Tuesday Blitz January 31 Early 2023"]
[White "Sliwicki, Damian"]
[Black "Fernandez Guillen, Ernesto J."]
[WhiteFideId "1127128"]
[BlackFideId "3512428"]
[WhiteElo "2158"]
[BlackElo "2477"]
[Result "0-1"]
[Round "04"]
[TimeControl "180+2"]
[Date "2023.01.31"]
[WhiteClock "0:00:01"]
[BlackClock "0:00:22"]

1. e4 e5 2. Nf3 Nc6 3. d4 exd4 4. Bc4 g6 5. Nxd4 Bg7 6. Nxc6 bxc6 7. O-O Ne7 8. Bg5 h6 9. Bh4 g5 10. Bg3 Bxb2 11. c3 d5 12. exd5 cxd5 13. Bd3 Bxa1 14. Be5 O-O 15. Qh5 Bf5 16. Qxh6 f6 17. Bxf6 Rxf6 18. Qxf6 Bxd3 19. Nd2 Ng6 20. Qd4 Bxf1 21. Nxf1 Rb8 22. Ne3 Rb1+ 23. Nf1 Qd6 24. g3 Rc1 25. Qd2 Rxc3 26. Qxg5 Rf3 27. Ne3 Bg7 28. Nf5 Qf6 0-1


[Site "https://www.chess.com"]

[Event "Titled Tuesday Blitz January 31 Early 2023"]
[White "Sattarov, Bobir"]
[Black "Mejia, Cherry Ann"]
[WhiteFideId "14203081"]
[BlackFideId "5206880"]
[WhiteElo "2366"]
[BlackElo "1935"]
[Result "1-0"]
[Round "04"]
[TimeControl "180+2"]
[Date "2023.01.31"]
[WhiteClock "0:00:10"]
[BlackClock "0:00:02"]

1. e4 c5 2. Nf3 Nc6 3. d4 cxd4 4. Nxd4 Qb6 5. Nb3 Nf6 6. Nc3 e6 7. Be3 Qc7 8. f4 d6 9. Qf3 a6 10. O-O-O Be7 11. g4 O-O 12. g5 Nd7 13. Kb1 b5 14. Qg2 Bb7 15. f5 b4 16. Ne2 exf5 17. Nf4 Nce5 18. Nd5 Bxd5 19. Rxd5 fxe4 20. Qxe4 Rac8 21. Bxa6 f5 22. Qg2 f4 23. Bxc8 fxe3 24. Bxd7 Rf2 25. Be6+ Kh8 26. Qe4 e2 27. Nc1 Nc4 28. Re1 Bxg5 29. Rxe2 Rf1 30. Re1 Rxe1 31. Qxe1 Nd2+ 32. Rxd2 Bxd2 33. Qxd2 Qe7 34. Qxb4 1-0


[Site "https://www.chess.com"]

[Event "Titled Tuesday Blitz January 31 Early 2023"]
[White "Hasangatin, Ramil"]
[Black "Alfaro, William"]
[WhiteFideId "4122160"]
[BlackFideId "6100457"]
[WhiteElo "2457"]
[BlackElo "2134"]
[Result "1-0"]
[Round "04"]
[TimeControl "180+2"]
[Date "2023.01.31"]
[WhiteClock "0:00:52"]
[BlackClock "0:00:28"]

1. e4 Nf6 2. e5 Nd5 3. d4 d6 4. Nf3 Bg4 5. Be2 Nc6 6. c4 Nb6 7. e6 fxe6 8. Be3 g6 9. Ng5 Bxe2 10. Qxe2 Qd7 11. Nd2 Bg7 12. Nb3 O-O-O 13. O-O-O d5 14. Nc5 Qd6 15. Nf7 Nxc4 16. Nxd6+ Rxd6 17. b3 Nxe3 18. fxe3 e5 19. Qg4+ Kb8 20. Nd7+ Ka8 21. Nxe5 Nxe5 22. dxe5 Bxe5 23. Rhf1 Bf6 24. Rf3 Rhd8 25. Rdf1 b6 26. Qh3 h5 27. g4 Rh8 28. g5 Bxg5 29. Rf8+ Rxf8 30. Rxf8+ Kb7 31. Qc8+ Kc6 32. Qe8+ Kc5 33. Rf4 Bxf4 34. exf4 d4 35. Qxe7 Kd5 36. Qe5+ Kc6 37. Kd2 a5 38. Kd3 Rd5 39. Qe4 Kc5 40. Qxg6 c6 41. h4 Kb5 42. a3 a4 43. bxa4+ Kc5 44. Qe6 Rd6 45. Qc4# 1-0


[Site "https://www.chess.com"]

[Event "Titled Tuesday Blitz January 31 Early 2023"]
[White "Aung Thant Zin"]
[Black "Csonka, Balazs"]
[WhiteFideId "13000063"]
[BlackFideId "742910"]
[WhiteElo "2268"]
[BlackElo "2496"]
[Result "0-1"]
[Round "04"]
[TimeControl "180+2"]
[Date "2023.01.31"]
[WhiteClock "0:00:12"]
[BlackClock "0:00:05"]

1. e4 Nf6 2. e5 Nd5 3. Nc3 Nxc3 4. dxc3 d6 5. Nf3 Nc6 6. Bf4 Bg4 7. Be2 e6 8. exd6 cxd6 9. Qd2 Be7 10. O-O-O e5 11. Be3 O-O 12. h3 Be6 13. Kb1 d5 14. Ng5 Bxg5 15. Bxg5 f6 16. Bh4 Qa5 17. a3 Rad8 18. f3 Qc5 19. Qe1 Rfe8 20. Bf2 d4 21. cxd4 exd4 22. Qf1 Na5 23. Bb5 Qd5 24. c4 Nxc4 25. Bxc4 Qxc4 26. Qxc4 Bxc4 27. Rxd4 Rxd4 28. Bxd4 Re2 29. g4 a5 30. h4 a4 31. h5 Bd5 32. Rf1 Rd2 33. Bc3 Rd3 34. f4 Bg2 35. Rg1 Be4 36. Ka1 Rh3 37. Ka2 Bd5+ 38. Ka1 Be4 39. Ka2 Kf7 40. Ka1 Bd5 41. Kb1 Be4+ 42. Ka1 Rf3 43. Bd2 Rf2 44. Bc3 Rxf4 45. g5 fxg5 46. Rxg5 Rf1+ 47. Ka2 Bb1+ 48. Ka1 Bc2+ 0-1


[Site "https://www.chess.com"]

[Event "Titled Tuesday Blitz January 31 Early 2023"]
[White "Predke, Alexandr"]
[Black "Lesbekova, Assel"]
[WhiteFideId "24107581"]
[BlackFideId "13713248"]
[WhiteElo "2685"]
[BlackElo "1772"]
[Result "1-0"]
[Round "04"]
[TimeControl "180+2"]
[Date "2023.01.31"]
[WhiteClock "0:00:17"]
[BlackClock "0:00:04"]

1. Nf3 f5 2. d3 d6 3. e4 e5 4. Nc3 Nc6 5. d4 fxe4 6. Nxe4 d5 7. Ng3 Bg4 8. dxe5 Bxf3 9. Qxf3 Nxe5 10. Qh5+ Nf7 11. Bd3 Nf6 12. Qe2+ Qe7 13. Be3 O-O-O 14. O-O d4 15. Bd2 Qxe2 16. Nxe2 g6 17. Nf4 Ne5 18. Be2 Bh6 19. Rad1 Rd6 20. Rfe1 Ne4 21. Bc1 Rf8 22. g3 c5 23. Kg2 g5 24. Bh5 gxf4 25. Rxe4 f3+ 26. Kf1 Bxc1 27. Rxe5 Bxb2 28. Rxc5+ Rc6 29. Rxc6+ bxc6 30. Rd3 c5 31. Rxf3 Rxf3 32. Bxf3 Kc7 33. Ke2 Kd6 34. Kd3 Bc1 35. Be4 h6 36. f4 Ba3 37. Bh7 Bc1 38. Bg8 Be3 39. Ke2 Bg1 40. h3 Be3 41. Kf3 Bc1 42. Ke4 a5 43. a4 Bd2 44. Bc4 Be3 45. g4 Bg1 46. h4 Bf2 47. h5 Bh4 48. Kf5 Bg3 49. g5 hxg5 50. fxg5 Bf2 51. h6 Ke7 52. g6 d3 53. cxd3 Bd4 54. g7 1-0


[Site "https://www.chess.com"]

[Event "Titled Tuesday Blitz January 31 Early 2023"]
[White "Grandelius, Nils"]
[Black "Kalogeris, Ioannis"]
[WhiteFideId "1710400"]
[BlackFideId "4239563"]
[WhiteElo "2664"]
[BlackElo "2423"]
[Result "1-0"]
[Round "04"]
[TimeControl "180+2"]
[Date "2023.01.31"]
[WhiteClock "0:00:31"]
[BlackClock "0:00:14"]

1. Nf3 d5 2. e3 Nf6 3. c4 c6 4. Qc2 g6 5. Qc3 Bg7 6. b3 O-O 7. Bb2 Ne8 8. Qc1 Bg4 9. Be2 Nd7 10. Bxg7 Kxg7 11. cxd5 cxd5 12. O-O Rc8 13. Qb2+ Nef6 14. Nc3 e5 15. h3 Bxf3 16. Bxf3 Nb6 17. Rac1 Qe7 18. d3 Rfd8 19. Rfe1 Kg8 20. Nb1 a6 21. Nd2 Nbd7 22. b4 Qd6 23. a3 Rc6 24. Rxc6 Qxc6 25. Rc1 Qb5 26. Be2 h5 27. Nf3 Re8 28. d4 Qb6 29. dxe5 Ne4 30. Qd4 Kg7 31. Qxb6 Nxb6 32. Rc7 Na4 33. Rxb7 Nac3 34. Bxa6 g5 35. g4 hxg4 36. hxg4 Kg6 37. Bd3 Ra8 38. Rb6+ Kg7 39. Ra6 Rc8 40. Nd4 Nd1 41. Rc6 Ra8 42. Nf5+ Kh7 43. Bxe4 dxe4 44. Rf6 Kg8 45. Nh6+ Kg7 46. Nxf7 Rxa3 47. Nxg5 Ra1 48. Kg2 Ra2 49. Kg3 1-0


[Site "https://www.chess.com"]

[Event "Titled Tuesday Blitz January 31 Early 2023"]
[White "Ristic, Nebojsa B"]
[Black "Kamsky, Gata"]
[WhiteFideId "935468"]
[BlackFideId "2000024"]
[WhiteElo "2236"]
[BlackElo "2665"]
[Result "0-1"]
[Round "04"]
[TimeControl "180+2"]
[Date "2023.01.31"]
[WhiteClock "0:00:12"]
[BlackClock "0:00:31"]

1. d4 f5 2. Bf4 Nf6 3. e3 g6 4. h4 h6 5. Nf3 d6 6. Nc3 Bg7 7. Bd3 Nc6 8. d5 Nb4 9. Bc4 c6 10. O-O cxd5 11. Nxd5 Nbxd5 12. Bxd5 Nxd5 13. Qxd5 Qb6 14. Rab1 Bd7 15. c4 Qc6 16. Nd4 Qxd5 17. cxd5 Kf7 18. Rbc1 Rhc8 19. Rfd1 Rxc1 20. Rxc1 Rc8 21. Rxc8 Bxc8 22. Kf1 Bxd4 23. exd4 Kg7 24. Ke2 b6 25. Kd3 Ba6+ 26. Kc3 Bf1 27. g3 h5 28. Bg5 Kf7 29. a4 Ke8 30. b4 a6 31. a5 b5 32. Kd2 Bg2 33. Ke3 Bxd5 34. f4 Kd7 35. Kd3 e6 36. Ke3 Kc6 37. Bf6 Bc4 38. Bg7 Kd5 39. Bf6 Bf1 40. Kd2 Kc4 41. Be7 Kxb4 42. Bxd6+ Kxa5 43. Kc3 Kb6 44. Bc5+ Kc6 45. Kb4 Kd5 46. Ka5 Ke4 47. Kxa6 b4+ 48. Ka5 b3 49. Ba3 Bc4 50. Bb2 Bd5 51. Kb4 Kf3 52. Kc3 Kxg3 53. Bc1 Kxh4 54. Kd3 Kg3 55. Ke3 h4 56. Bd2 h3 57. Be1+ Kg2 0-1


[Site "https://www.chess.com"]

[Event "Titled Tuesday Blitz January 31 Early 2023"]
[White "Yuan, Qingyu"]
[Black "Elgersma, Onno"]
[WhiteFideId "8609772"]
[BlackFideId "1053531"]
[WhiteElo "2373"]
[BlackElo "2276"]
[Result "1-0"]
[Round "04"]
[TimeControl "180+2"]
[Date "2023.01.31"]
[WhiteClock "0:00:21"]
[BlackClock "0:00:08"]

1. e4 c6 2. d4 d5 3. exd5 cxd5 4. Bd3 Nc6 5. c3 Qc7 6. h3 Nf6 7. Nf3 g6 8. O-O Bf5 9. Re1 Bg7 10. Bxf5 gxf5 11. Nh4 f4 12. Qf3 Rg8 13. Bxf4 Qd7 14. Nd2 O-O-O 15. Bh2 Bh6 16. Nb3 Ne4 17. Nf5 Bf8 18. Qf4 e6 19. Nh6 Bxh6 20. Qxh6 Rg6 21. Qe3 Rdg8 22. g3 f5 23. Nc5 Qf7 24. Nd3 h5 25. h4 Rg4 26. Kh1 Ne7 27. Rg1 Ng6 28. f3 f4 29. Nxf4 Nxf4 30. fxg4 Nh3 31. Rgf1 Qg6 32. g5 e5 33. dxe5 Qc6 34. Qd4 Re8 35. Rae1 Nef2+ 36. Rxf2 Nxf2+ 37. Qxf2 d4+ 38. Qg2 dxc3 39. Qxc6+ bxc6 40. bxc3 Kc7 41. g4 hxg4 42. Bg3 Kd7 43. Kg2 Ke6 44. Rd1 Rf8 45. Rd6+ Ke7 46. Rf6 Rd8 47. Rf2 Rd3 48. g6 1-0


[Site "https://www.chess.com"]

[Event "Titled Tuesday Blitz January 31 Early 2023"]
[White "Shuvalov, Evgenij"]
[Black "Ozen, Bahadir"]
[WhiteFideId "4187237"]
[BlackFideId "6337058"]
[WhiteElo "2038"]
[BlackElo "2369"]
[Result "0-1"]
[Round "04"]
[TimeControl "180+2"]
[Date "2023.01.31"]
[WhiteClock "0:00:41"]
[BlackClock "0:00:53"]

1. d4 d6 2. Nf3 Nf6 3. c4 Nbd7 4. Nc3 e5 5. e4 c6 6. Be2 Be7 7. O-O O-O 8. Re1 a6 9. Bf1 b5 10. a3 Bb7 11. d5 cxd5 12. cxd5 Re8 13. b4 Rc8 14. Bd2 Nb6 15. a4 Nc4 16. axb5 axb5 17. Nxb5 Qb6 18. Na7 Nxd2 19. Nxd2 Ra8 20. Nc4 Qxb4 21. Rb1 Qc5 22. Rxb7 Rxa7 23. Rxa7 Qxa7 24. Qd3 Rb8 25. Rb1 Rxb1 26. Qxb1 g6 27. h3 Kg7 28. Bd3 Qd4 29. Nd2 Bd8 30. Nf3 Qc5 31. Qe1 Bb6 32. Bb1 Qc4 33. Qf1 Qb4 34. Bd3 Nh5 35. Kh2 Qb2 36. Kg1 Nf4 37. Bb1 Bxf2+ 38. Qxf2 Qxb1+ 39. Kh2 Qxe4 40. Qd2 Qxd5 41. Qxd5 Nxd5 42. Kg3 f5 43. Kf2 Kf6 44. h4 h6 45. g3 Ke6 46. Nd2 Nf6 47. Nc4 g5 48. hxg5 hxg5 49. Nb6 Ne4+ 50. Kf3 g4+ 51. Kg2 d5 0-1


[Site "https://www.chess.com"]

[Event "Titled Tuesday Blitz January 31 Early 2023"]
[White "Pakleza, Zbigniew"]
[Black "Lehtosaari, Mauri"]
[WhiteFideId "1119290"]
[BlackFideId "501999"]
[WhiteElo "2494"]
[BlackElo "2176"]
[Result "1-0"]
[Round "04"]
[TimeControl "180+2"]
[Date "2023.01.31"]
[WhiteClock "0:00:13"]
[BlackClock "0:00:04"]

1. d4 d5 2. Bf4 c5 3. e3 Nc6 4. c3 Qb6 5. Qb3 c4 6. Qc2 Nf6 7. Nd2 g6 8. e4 e6 9. e5 Nh5 10. Be3 Bd7 11. g4 Ng7 12. Bg2 h5 13. h3 hxg4 14. hxg4 Rxh1 15. Bxh1 O-O-O 16. f4 Be7 17. Ngf3 Rh8 18. Bg2 Qd8 19. Ke2 Ne8 20. Rh1 Nc7 21. Qd1 b5 22. a3 a5 23. Ng5 Bxg5 24. fxg5 Qg8 25. Rh6 Qe8 26. Qf1 Rf8 27. Qf6 Nd8 28. Rh7 Rg8 29. Nf1 Bc6 30. Ng3 Na6 31. Kd2 Qd7 32. Ne2 Qe8 33. Qf1 Qf8 34. Bf3 Qe8 35. Qh1 Qe7 36. Qh6 Qe8 37. Qh2 Qe7 38. Ke1 Qe8 39. Kf2 Qe7 40. Kg3 Qe8 41. Qf2 Qe7 42. Qe1 Qe8 43. Qd2 Qe7 44. Qd1 Qe8 45. b3 Qd7 46. a4 cxb3 47. axb5 Bxb5 48. Qxb3 Qc6 49. Qa3 Qc7 50. Nf4 1-0


[Site "https://www.chess.com"]

[Event "Titled Tuesday Blitz January 31 Early 2023"]
[White "Gurevich, Dmitry"]
[Black "Pulpan, Jakub"]
[WhiteFideId "2000407"]
[BlackFideId "302759"]
[WhiteElo "2393"]
[BlackElo "2427"]
[Result "0-1"]
[Round "04"]
[TimeControl "180+2"]
[Date "2023.01.31"]
[WhiteClock "0:00:37"]
[BlackClock "0:02:02"]

1. d4 Nf6 2. c4 e6 3. Nc3 d5 4. Nf3 c5 5. e3 Nc6 6. a3 b6 7. cxd5 exd5 8. Bb5 Bd7 9. O-O c4 10. b3 a6 11. Bxc6 Bxc6 12. Ne5 Rc8 13. a4 Bb4 14. Bd2 O-O 15. bxc4 dxc4 16. Qe2 Nd5 17. Nxd5 Bxd2 18. Nxb6 Qxb6 19. Nxc4 Qb7 20. Nxd2 Bxg2 21. Rfb1 Qa8 22. Qg4 Rc6 23. Qxg2 Rg6 24. Qxg6 fxg6 25. Rb6 Qd8 26. Nf1 Qxb6 0-1


[Site "https://www.chess.com"]

[Event "Titled Tuesday Blitz January 31 Early 2023"]
[White "Mohammed, Zozek Salah Mohammed"]
[Black "Ajay, Karthikeyan"]
[WhiteFideId "4803361"]
[BlackFideId "35011685"]
[WhiteElo "2210"]
[BlackElo "2454"]
[Result "0-1"]
[Round "04"]
[TimeControl "180+2"]
[Date "2023.01.31"]
[WhiteClock "0:00:01"]
[BlackClock "0:00:05"]

1. d4 Nf6 2. Nf3 g6 3. g3 Bg7 4. Bg2 c5 5. O-O O-O 6. c4 cxd4 7. Nxd4 Nc6 8. Nc3 Qa5 9. e4 d6 10. Be3 Ng4 11. Nxc6 bxc6 12. Bd4 e5 13. Be3 Nxe3 14. fxe3 Qc5 15. Qd3 Bh6 16. Rae1 Ba6 17. b3 Rad8 18. Na4 Qb4 19. Qc3 Qxc3 20. Nxc3 Bc8 21. Kf2 Be6 22. Rd1 Rd7 23. h3 a5 24. g4 Bg5 25. Rd2 Bh4+ 26. Ke2 Rb8 27. Rfd1 Be7 28. Na4 Rbd8 29. Nc3 Kf8 30. Nd5 Bg5 31. Nb6 Rb7 32. c5 Rxb6 33. cxb6 Be7 34. Rc1 c5 35. Rcd1 Rb8 36. Rxd6 Bxd6 37. Rxd6 c4 38. bxc4 Bxc4+ 39. Kd2 Ke7 40. Rc6 Bxa2 41. Bf1 Be6 42. Kc3 Bd7 43. Rc5 f6 44. Rxa5 Rxb6 45. Ra7 Kd6 46. Bc4 h5 47. Bf7 hxg4 48. hxg4 g5 49. Bh5 Rb1 50. Ra6+ Ke7 51. Ra7 Rg1 52. Kd2 Kd6 53. Ra6+ Ke7 54. Ra7 Rg2+ 55. Kd3 Kd6 56. Ra6+ Ke7 57. Ra7 Kd8 58. Ra8+ Kc7 59. Ra7+ Kc8 60. Ra8+ Kb7 61. Rf8 Rf2 62. Kc4 Kc6 63. Be8 Bxe8 64. Rxe8 Kd7 65. Rh8 Rg2 66. Kd5 Rxg4 67. Rh7+ Kd8 68. Kd6 Kc8 69. Kd5 Rg3 70. Ke6 Rf3 0-1


[Site "https://www.chess.com"]

[Event "Titled Tuesday Blitz January 31 Early 2023"]
[White "Koellner, Ruben Gideon"]
[Black "Vovk, Orest"]
[WhiteFideId "12993093"]
[BlackFideId "14113490"]
[WhiteElo "2426"]
[BlackElo "2315"]
[Result "1-0"]
[Round "04"]
[TimeControl "180+2"]
[Date "2023.01.31"]
[WhiteClock "0:00:05"]
[BlackClock "0:00:05"]

1. d4 h6 2. Nf3 g5 3. e4 Bg7 4. c3 d5 5. e5 c5 6. h3 Nc6 7. Be3 g4 8. hxg4 Bxg4 9. Be2 Qb6 10. Qb3 c4 11. Qxb6 axb6 12. Na3 Ra5 13. Nc2 Bf5 14. Kd2 e6 15. a3 Ra8 16. Nb4 Na5 17. Bd1 Ne7 18. Bc2 Bxc2 19. Kxc2 Nf5 20. Bf4 Nb3 21. Rag1 Bf8 22. g4 Ne7 23. Nd2 Ng6 24. Be3 Nxd2 25. Bxd2 Kd7 26. Rh5 Ne7 27. Rgh1 Rg8 28. f3 Nc6 29. Bxh6 Nxb4+ 30. axb4 Bxh6 31. Rxh6 Ke7 32. Rh7 Rg6 33. Rh8 Rgg8 34. Rxg8 Rxg8 35. Rh7 Ke8 36. Kd2 Ke7 37. Ke3 b5 38. Kf4 Ra8 39. Kg5 Ra2 40. Rh2 Ra1 41. f4 Rg1 42. Rf2 Rg3 43. f5 exf5 44. Kxf5 Rg1 45. Kg5 Rb1 46. Re2 Rf1 47. Rh2 Rb1 48. Rf2 Re1 49. Rf6 Rb1 50. Rb6 Rxb2 51. Rxb7+ Kf8 52. Rxb5 Rb3 53. Rxd5 Rxc3 54. Rc5 Rc1 55. d5 c3 56. d6 c2 57. Rc8+ Kg7 58. d7 Rd1 59. Rxc2 Rxd7 60. Rc5 Rb7 61. b5 Rb6 62. Kf5 Rb8 63. Ke4 Rd8 64. b6 Rd1 65. Rb5 Re1+ 66. Kd5 Rb1 67. Rxb1 1-0


[Site "https://www.chess.com"]

[Event "Titled Tuesday Blitz January 31 Early 2023"]
[White "Bilan, Danila"]
[Black "Sipila, Vilka"]
[WhiteFideId "24161918"]
[BlackFideId "505455"]
[WhiteElo "2303"]
[BlackElo "2427"]
[Result "0-1"]
[Round "04"]
[TimeControl "180+2"]
[Date "2023.01.31"]
[WhiteClock "0:00:10"]
[BlackClock "0:02:25"]

1. d4 f5 2. Nf3 Nf6 3. g3 g6 4. Bg2 Bg7 5. O-O O-O 6. c4 d6 7. Nc3 c6 8. d5 e5 9. dxe6 Bxe6 10. Bf4 Bxc4 11. Bxd6 Re8 12. Re1 Nd5 13. Bxb8 Nxc3 14. bxc3 Rxb8 15. Qa4 b5 16. Qxa7 Bxc3 17. Red1 Qe7 18. Qxe7 Rxe7 0-1


[Site "https://www.chess.com"]

[Event "Titled Tuesday Blitz January 31 Early 2023"]
[White "Souleidis, Georgios"]
[Black "Yeritsyan, Hayk"]
[WhiteFideId "4206827"]
[BlackFideId "13307320"]
[WhiteElo "2419"]
[BlackElo "2241"]
[Result "1-0"]
[Round "04"]
[TimeControl "180+2"]
[Date "2023.01.31"]
[WhiteClock "0:00:25"]
[BlackClock "0:00:09"]

1. e4 c6 2. d3 d5 3. Nf3 Bg4 4. h3 Bxf3 5. Qxf3 e6 6. g3 Nf6 7. Bg2 Be7 8. O-O O-O 9. Qe2 Na6 10. e5 Nd7 11. f4 c5 12. c3 Nab8 13. d4 cxd4 14. cxd4 Nc6 15. Be3 Rc8 16. Nc3 Na5 17. Rac1 Nc4 18. Bf2 Qb6 19. b3 Na3 20. f5 Bg5 21. Be3 Bxe3+ 22. Qxe3 Nb5 23. Nxb5 Qxb5 24. f6 Qb4 25. a3 Qb6 26. Qg5 Qxd4+ 27. Kh2 Nxf6 28. exf6 g6 29. Qh6 1-0


[Site "https://www.chess.com"]

[Event "Titled Tuesday Blitz January 31 Early 2023"]
[White "Karthik Rajaa"]
[Black "Trigo Urquijo, Sergio"]
[WhiteFideId "25035215"]
[BlackFideId "2262436"]
[WhiteElo "2276"]
[BlackElo "2408"]
[Result "1-0"]
[Round "04"]
[TimeControl "180+2"]
[Date "2023.01.31"]
[WhiteClock "0:00:11"]
[BlackClock "0:00:16"]

1. Nf3 d6 2. d4 Nf6 3. Nc3 Nbd7 4. e4 e5 5. dxe5 dxe5 6. Bc4 Bb4 7. O-O O-O 8. Qe2 c6 9. Nb1 b5 10. Bb3 Be7 11. c3 Qc7 12. Bg5 Nc5 13. Bc2 Ne6 14. Be3 Nh5 15. g3 g6 16. Nbd2 Nc5 17. b4 Nd7 18. a4 a6 19. Bb3 Nb6 20. Bxb6 Qxb6 21. Nxe5 Qc7 22. Nef3 Bh3 23. Rfe1 Rad8 24. Nf1 Bf6 25. Qc2 Bg4 26. N3d2 Rfe8 27. Ne3 Bh3 28. Nf3 Qe7 29. e5 Bg7 30. Ng2 Kh8 31. axb5 axb5 32. Rad1 h6 33. Rxd8 Rxd8 34. e6 f5 35. Ne5 Bxe5 36. Rxe5 Kg7 37. Re1 Bxg2 38. Kxg2 Nf6 39. c4 bxc4 40. Qxc4 Nd5 41. Qd4+ Qf6 42. Qxf6+ Kxf6 43. Bxd5 cxd5 44. e7 Re8 45. Kf3 Kf7 46. b5 Rxe7 47. Rxe7+ Kxe7 48. Ke3 Kd6 49. Kd4 1-0


[Site "https://www.chess.com"]

[Event "Titled Tuesday Blitz January 31 Early 2023"]
[White "Heinemann, Josefine"]
[Black "Fiorito, Joaquin"]
[WhiteFideId "12900460"]
[BlackFideId "180173"]
[WhiteElo "2289"]
[BlackElo "2405"]
[Result "0-1"]
[Round "04"]
[TimeControl "180+2"]
[Date "2023.01.31"]
[WhiteClock "0:00:03"]
[BlackClock "0:00:07"]

1. e4 c6 2. d4 d5 3. exd5 cxd5 4. c4 Nf6 5. Nc3 Nc6 6. Nf3 a6 7. cxd5 Nxd5 8. Bc4 Be6 9. Bb3 Na5 10. O-O Nxb3 11. axb3 Bg4 12. h3 Bh5 13. Bg5 h6 14. Bh4 g5 15. Bg3 Bg7 16. Re1 e6 17. Be5 O-O 18. Bxg7 Kxg7 19. Qd3 Bg6 20. Qd2 Rc8 21. Ne5 Nf4 22. Kh2 Qd6 23. g3 Nd5 24. Ra5 Qb4 25. Rc5 Qxb3 26. Nxd5 exd5 27. Re3 Qb6 28. Nd7 Qd6 29. Nxf8 Rxf8 30. Qc3 Rd8 31. Re5 Qf6 32. Qe3 Be4 33. Rc7 Qb6 34. Ree7 Rf8 35. Rxb7 Qc6 36. h4 gxh4 37. gxh4 Bg6 38. Qg3 h5 39. Qe5+ Kh7 40. Rec7 Qa4 41. Qe3 Qd1 42. Rc1 Qg4 43. Qg3 Qxd4 44. Rg1 Qf6 45. Rg2 d4 46. Qg5 Qd6+ 47. Qg3 Qe6 48. Rc7 d3 49. f4 Rd8 50. f5 Qxf5 51. Re7 d2 52. Rxf7+ Qxf7 53. Qg5 d1=Q 0-1


[Site "https://www.chess.com"]

[Event "Titled Tuesday Blitz January 31 Early 2023"]
[White "Royal, Shreyas"]
[Black "Mrudul Dehankar"]
[WhiteFideId "448869"]
[BlackFideId "25096990"]
[WhiteElo "2438"]
[BlackElo "2030"]
[Result "1-0"]
[Round "04"]
[TimeControl "180+2"]
[Date "2023.01.31"]
[WhiteClock "0:00:39"]
[BlackClock "0:00:02"]

1. e4 c6 2. Nf3 d5 3. d3 dxe4 4. Ng5 exd3 5. Bxd3 Nf6 6. Nxf7 Qd5 7. Nxh8 Qxg2 8. Rf1 Bh3 9. Nd2 Nbd7 10. Nf3 Bg4 11. Be2 Bxf3 12. Bxf3 Qxh2 13. Rh1 Qe5+ 14. Qe2 g6 15. Bh6 Qxb2 16. Rd1 Bxh6 17. Rxh6 Qxa2 18. Kf1 Qg8 19. Nxg6 hxg6 20. Be4 Ne5 21. Bf5 Qg7 22. Rh1 Nd5 23. Be4 Nc3 24. Qd2 Nxd1 25. Qxd1 Rd8 26. Qa1 Qf6 27. Kg2 Ng4 28. Rh8+ Kd7 29. Qd1+ Qd6 30. Qxg4+ Kc7 31. Rxd8 Kxd8 32. Bxg6 Qd5+ 33. Be4 Qf7 34. Qg3 Kd7 35. Qb8 1-0


[Site "https://www.chess.com"]

[Event "Titled Tuesday Blitz January 31 Early 2023"]
[White "Lewtak, Damian"]
[Black "Manon-og, Ramon Jr."]
[WhiteFideId "1141724"]
[BlackFideId "5200776"]
[WhiteElo "2381"]
[BlackElo "1999"]
[Result "1-0"]
[Round "04"]
[TimeControl "180+2"]
[Date "2023.01.31"]
[WhiteClock "0:00:59"]
[BlackClock "0:00:50"]

1. e4 c5 2. Nf3 d6 3. Bb5+ Nd7 4. O-O a6 5. Bd3 e5 6. Re1 Be7 7. c3 Ngf6 8. Bc2 O-O 9. d4 cxd4 10. cxd4 b5 11. Nc3 Bb7 12. Bg5 Rc8 13. dxe5 dxe5 14. a3 h6 15. Bh4 Qb6 16. Rc1 Rfd8 17. Qe2 Qe6 18. Nd5 Bc5 19. Bb3 Qg4 20. h3 Qh5 21. g4 Nxg4 22. hxg4 Qxg4+ 23. Kh2 Qh5 24. Kg3 Qg6+ 25. Kh3 Qe6+ 26. Kh2 Qg4 27. Bxd8 Rxd8 28. Rg1 Qf4+ 29. Nxf4 1-0


[Site "https://www.chess.com"]

[Event "Titled Tuesday Blitz January 31 Early 2023"]
[White "Md, Imran"]
[Black "Andreassen, Lars"]
[WhiteFideId "25748580"]
[BlackFideId "1504878"]
[WhiteElo "2284"]
[BlackElo "2168"]
[Result "1-0"]
[Round "04"]
[TimeControl "180+2"]
[Date "2023.01.31"]
[WhiteClock "0:01:06"]
[BlackClock "0:01:33"]

1. Nf3 d5 2. c4 e6 3. e3 Nf6 4. b3 Be7 5. Bb2 b6 6. Nc3 Bb7 7. Be2 c5 8. cxd5 Nxd5 9. Nxd5 Qxd5 10. O-O O-O 11. d3 Nc6 12. Qd2 Rad8 13. Rfd1 Ba6 14. e4 Qd7 15. Qf4 Nd4 16. Nxd4 cxd4 17. Rac1 Rc8 18. h4 f6 19. h5 e5 20. Bg4 exf4 21. Bxd7 Rxc1 22. Rxc1 Bxd3 23. Be6+ Kh8 24. h6 gxh6 25. Bxd4 Bxe4 26. Rc7 Bd6 27. Rxa7 b5 28. f3 Bd3 29. Rd7 Be5 30. Bxe5 fxe5 31. Rxd3 Ra8 32. b4 Kg7 33. a3 Kf6 34. Bd5 Rd8 35. Be4 Rd4 36. Rxd4 exd4 37. Bxh7 h5 38. Bd3 h4 39. Bxb5 1-0


[Site "https://www.chess.com"]